 Dungeon Crawl Stone Soup version 0.29-a0-553-g81b289dbe5 (webtiles) character file.

Game seed: 6528115253377508898

23 zishaf the Gusty (level 2, -1/16 HPs)
             Began as a Tengu Air Elementalist on June 6, 2022.
             Killed by their own static electricity (3 damage)
             ... on level 1 of the Dungeon.
             The game lasted 00:01:49 (686 turns).

zishaf the Gusty (Tengu Air Elementalist)            Turns: 686, Time: 00:01:50

Health: -1/16      AC:  2    Str:  8    XL:     2   Next: 95%
Magic:  2/6        EV: 12    Int: 15    God:
Gold:   45         SH:  0    Dex: 14    Spells: 2/5 levels left

rFire   . . .      SeeInvis .   d - +0 dagger
rCold   . . .      Faith    .   (no shield)
rNeg    . . .      Spirit   .   a - +0 robe
rPois   .          Reflect  .   (helmet restricted)
rElec   .          Harm     .   (no cloak)
rCorr   .          Rampage  .   (no gloves)
Will    .....                   (boots unavailable)
Stlth   ++........              (no amulet)
HPRegen 0.05/turn               (no ring)
MPRegen 0.10/turn               (no ring)

@: no status effects
A: beak, talons 3
a: no special abilities


You were on level 1 of the Dungeon.
You visited 1 branch of the dungeon, and saw 1 of its levels.

You collected 45 gold pieces.

Inventory:

Hand Weapons
 d - a +0 dagger (weapon)
Armour
 a - a +0 robe (worn)
Scrolls
 c - a scroll of enchant weapon {unknown}
 e - a scroll of vulnerability {unknown}
 f - a scroll of teleportation {unknown}
 h - a scroll of poison {unknown}
Potions
 b - a potion of magic
 g - 2 potions of flight {unknown}
 i - a potion of haste {unknown}
 j - a potion of brilliance {unknown}


   Skills:
 + Level 0.8 Fighting
 + Level 2.5 Dodging
 - Level 2.0 Stealth
 - Level 2.0 Spellcasting
 + Level 2.1 Conjurations
 * Level 4.6 Air Magic


You had 2 spell levels left.
You knew the following spells:

 Your Spells              Type           Power      Damage    Failure   Level
a - Shock                 Conj/Air       44%        1d5       5%          1
b - Static Discharge      Conj/Air       11%        N/A       9%          2

Your spell library contained the following spells:

 Spells                   Type           Power      Damage    Failure   Level
 Swiftness                Air            15%        N/A       10%         3
 Airstrike                Air            7%         N/A       32%         4


Dungeon Overview and Level Annotations

Branches:
Dungeon (1/15)

Altars:


Innate Abilities, Weirdness & Mutations

You have a beak for a mouth.
You have claws for feet.


Message History

Press: ? - help, Shift-Dir - straight line, f - frilled lizard
Aim: a frilled lizard (48% to hit)
The zap hits the frilled lizard.
You kill the frilled lizard!
Casting: Shock (safe; 5% risk of failure)
Confirm with . or Enter, or press ? or * to list all spells.
You can't see any susceptible monsters within range! (Use Z to cast anyway.)
j - a bubbling inky potion A jackal comes into view.
A rat and a jackal come into view.
The jackal barks!
The rat moves out of view.
A quokka comes into view.
A rat comes into view.
The jackal misses you.
You closely miss the jackal. The jackal bites you.
A rat comes into view.
You hit the jackal. You peck the jackal.
The jackal is severely wounded.
The jackal bites you. The jackal barely misses you.
You hit the jackal but do no damage. Your kick misses the jackal.
The jackal is severely wounded.
The rat barely misses you. The jackal bites you.
You hit the jackal but do no damage. You peck the jackal.
The jackal is almost dead.
The jackal barely misses you. The rat bites you.
Casting: Shock (safe; 5% risk of failure)
Confirm with . or Enter, or press ? or * to list all spells.
The quokka is struck by an arc of lightning.
The quokka is almost dead.
The rat is struck by an arc of lightning.
You kill the rat!
The lightning grounds out.
The jackal closely misses you. The quokka bites you. The jackal bites you.
* * * LOW HITPOINT WARNING * * *
Casting: Static Discharge (safe; 9% risk of failure)
Confirm with . or Enter, or press ? or * to list all spells.
The rat is struck by an arc of lightning.
You kill the rat!
You are struck by an arc of lightning.
You die...

...# .#.# .... ...#.. .#.#.#
####...#...#. .. ......
............ ... ##.#.#
...........##.... ...#..
.......r......... ####
........................ ###
.......h................ ..##
.......@r.......... .... 8.##.#
.[.............#....###...
..##.##......................#...
####.##........#.............#...
...#..+......................+...
......#..........)...........####
......#..........#.......#.....#.
......#...###....####....#.###...
.................# #........#...


You could see a quokka, a jackal and a rat.

Vanquished Creatures
  2 dart slugs (D:1)
  2 ball pythons (D:1)
  2 endoplasms (D:1)
  3 goblins (D:1)
  A hobgoblin (D:1)
  2 quokkas (D:1)
  2 frilled lizards (D:1)
  4 rats (D:1)
18 creatures vanquished.

Notes
Turn   | Place    | Note
-------+----------+-------------------------------------------
     0 | D:1      | zishaf the Tengu Air Elementalist began the quest for the
                  | Orb.
     0 | D:1      | Reached XP level 1. HP: 10/10 MP: 4/4
   146 | D:1      | Reached XP level 2. HP: 16/16 MP: 0/6
   157 | D:1      | Learned a level 2 spell: Static Discharge
   497 | D:1      | Found a faded altar of an unknown god.
   686 | D:1      | Killed from afar by themself

Illustrated notes

Levels and vault maps discovered:
D:1:      minmay_arrival_glassed_features, layout_basic, basic_ecumenical_altar

Skill      XL: |  1  2 |
---------------+-------+-----
Conjurations   | 2 |  2.1
Fighting       | |  0.8
Dodging        | |  2.5
Stealth        | |  2.0
Spellcasting   | |  2.0
Air Magic      | |  4.6

Action                   || total
-------------------------++-------
Melee: Unarmed           ||     5
       Dagger            ||     4
       Peck              ||     3
       Kick              ||     1
 Cast: Shock             ||    33
       Static Discharge  ||     1
Armor: Robe              ||     1
Dodge: Dodged            ||     8

Table legend: (Time is in decaauts)
 A = Elapsed time spent in this place.
 B = Non-inter-level travel time spent in this place.
 C = Inter-level travel time spent in this place.
 D = Time resting spent in this place.
 E = Time spent auto-exploring this place.
 F = Levels seen in this place.
 G = Mean time per level.
                   A        B        C        D        E       F      G
               +--------+--------+--------+--------+--------+-----+--------+
         Total |    685 |    685 |      0 |     34 |    484 |   1 |  685.0 |
       Dungeon |    685 |    685 |      0 |     34 |    484 |   1 |  685.0 |
               +--------+--------+--------+--------+--------+-----+--------+

Top non-repeatable levels by time:
     D:1: 685 daAuts
